 Dungeon Crawl Stone Soup version 0.21.0-24-g2553a33 (webtiles) character file.

5745 Faca the Cleaver (level 11, -1/92 HPs)
             Began as a Formicid Fighter on Jan 21, 2018.
             Was a Believer of Ashenzari.
             Slain by a skeletal warrior
             ... wielding a +0 hand axe of chopping
             ... led by a skeletal warrior
              (2 damage)
             ... on level 7 of the Dungeon.
             The game lasted 00:21:20 (11436 turns).

Faca the Cleaver (Formicid Fighter)                Turns: 11436, Time: 00:21:20

Health: -1/92      AC: 11    Str: 25    XL:     11   Next: 5%
Magic:  11/11      EV: 13    Int:  7    God:    Ashenzari [**....]
Gold:   499        SH:  6    Dex: 18    Spells: 10/10 levels left

rFire    . . .     SeeInvis +   a - +0 war axe
rCold    . . .     Gourm    .   y - +0 buckler (curse)
rNeg     . . .     Faith    .   q - +0 chain mail
rPois    .         Spirit   .   (helmet unavailable)
rElec    .         Reflect  .   (no cloak)
rCorr    .         Harm     .   i - +0 pair of gloves
MR       ++...                  B - +0 pair of boots
Stlth    ..........             (no amulet)
HPRegen  0.25/turn              b - ring of protection from magic
MPRegen  0.12/turn              F - +3 ring of strength

@: agile
A: permanent stasis, dig shafts and tunnels, four strong arms, antennae 3
a: Dig, Shaft Self, Curse Item, Scrying, Renounce Religion


You were on level 7 of the Dungeon.
You worshipped Ashenzari.
Ashenzari was pleased with you.
You were not hungry.

You visited 1 branch of the dungeon, and saw 9 of its levels.

You collected 499 gold pieces.

Inventory:

Hand Weapons
 a - a +0 war axe (weapon)
 d - a +0 dire flail of protection
 n - a +1 flail of draining
Missiles
 r - 7 javelins (quivered)
Armour
 c - a +0 shield
 i - a +0 pair of gloves (worn)
 l - a +0 plate armour
 q - a +0 chain mail (worn)
 y - a cursed +0 buckler (worn)
 B - a +0 pair of boots (worn)
 L - a +0 large shield
Jewellery
 b - a ring of protection from magic (left hand)
 F - a +3 ring of strength (right hand)
Wands
 C - a wand of clouds (7)
 E - a wand of disintegration (11)
 H - a wand of paralysis (17)
 I - a wand of acid (7)
 K - a wand of flame (36)
Scrolls
 g - a scroll of enchant weapon {unknown}
 m - 4 scrolls of amnesia {unknown}
 p - a scroll of teleportation {unknown}
 t - a scroll of immolation
 v - a scroll of fear {unknown}
 w - 2 scrolls of fog {unknown}
 x - 3 scrolls of remove curse
 z - a scroll of blinking {unknown}
 G - a scroll of random uselessness {unknown}
 J - a scroll of enchant armour {unknown}
Potions
 e - 6 potions of flight
 h - 2 potions of curing {unknown}
 j - a potion of brilliance {unknown}
 k - a potion of resistance
 o - 3 potions of mutation
 s - 4 potions of lignification
 u - 2 potions of agility
 A - 2 potions of degeneration {unknown}
 D - 2 potions of cancellation {unknown}
Comestibles
 f - a ration


   Skills:
 + Level 10.4 Fighting
 * Level 12.7 Axes
 - Level 3.2 Armour
 - Level 3.6(5.0) Shields


You had 10 spell levels left.
You didn't know any spells.

Dungeon Overview and Level Annotations

Branches:
Dungeon (9/15)             Temple (0/1) D:5
   Lair: D:8-11         Orc: D:9-12

Altars:
Ashenzari
Dithmenos
Elyvilon
Fedhas
Hepliaklqana
Kikubaaqudgha
Nemelex Xobeh
Sif Muna
Yredelemnul
Zin

Annotations:
D:3 pokedragonboy's ghost, amateur OpTm


Innate Abilities, Weirdness & Mutations

You cannot be hasted, slowed, berserked, paralysed or teleported.
You can dig through walls and to a lower floor.
Your four strong arms can wield two-handed weapons with a shield.
You have a pair of large antennae on your head. (SInv)


Message History

The skeletal warrior hits you but does no damage.
You hit the skeletal warrior.
The skeletal warrior is moderately damaged.
The skeletal warrior hits you but does no damage.
You feel agile all of a sudden.
The skeletal warrior hits you but does no damage.
You slash the skeletal warrior!
The skeletal warrior is heavily damaged.
The skeletal warrior hits you with a hand axe of chopping!!
You slash the skeletal warrior!
The skeletal warrior is severely damaged.
The skeletal warrior hits you with a hand axe of chopping!
* * * LOW HITPOINT WARNING * * *
x2 You hit the skeletal warrior but do no damage.
The skeletal warrior is severely damaged.
You hit the skeletal warrior but do no damage.
The skeletal warrior is severely damaged.
The skeletal warrior hits you with a hand axe of chopping!
* * * LOW HITPOINT WARNING * * *
You die...

#.......#/##########
###......(...#.......
#.......(..#.#.######
#.######.###.#.######
#.######)#...........
#.#......#.#.#.######
#.#.####.#.#.#.##....
#.#z.......#.#.##....
#.#.@........#.##....
#.#...########.####..
#.#...#........# #..
#.#...#.######## #..
#.#...#.# #####
#.#...#.#########....
#.#..................
#.#####.#########.###
#........# #....


You could see a skeletal warrior.

Vanquished Creatures
  Erolcha (D:9)
  A two-headed ogre (D:9)
  The ghost of Shandreya the Covert, a novice GnEn of Okawaru (D:8)
  The ghost of pokedragonboy the Transmogrifier, a novice OpTm (D:7)
  Sigmund (D:5)
  Eustachio (D:4)
  2 hungry ghosts (D:7)
  Menkaure (D:5)
  The ghost of SlowGraham the Cutter, an amateur DEAK of Lugonu (D:4)
  A water moccasin (D:5)
  A sky beast (D:6)
  An orc warrior (D:6)
  An eye of draining (D:9)
  A phantom (D:5)
  2 ogres
  2 centaurs
  2 big kobolds
  3 bullfrogs
  2 scorpions
  A howler monkey (D:6)
  3 jellies
  3 crimson imps
  3 bullfrog zombies
  3 orc priests
  8 orc wizards
  2 hounds
  A centaur zombie (D:8)
  4 centaur skeletons
  Ijyb (D:5)
  2 iguanas
  7 worker ants
  A hound zombie (D:7)
  A howler monkey zombie (D:7)
  A howler monkey skeleton (D:4)
  14 adders
  9 gnolls
  2 shadow imps (D:5)
  An ooze (D:3)
  3 worms
  4 dart slugs
  4 leopard geckos
  22 orcs
  6 bats
  6 giant cockroaches
  9 goblins
  10 hobgoblins
  5 jackals
  5 quokkas
  A frilled lizard (D:1)
  A jackal skeleton (D:5)
  17 kobolds
  A leopard gecko skeleton (D:6)
  4 rats
191 creatures vanquished.

Vanquished Creatures (others)
  An orc wizard (D:3)
  A fungus (D:2)
2 creatures vanquished.

Grand Total: 193 creatures vanquished

Notes
Turn   | Place    | Note
-------+----------+-------------------------------------------
     0 | D:1      | Faca the Formicid Fighter began the quest for the Orb.
     0 | D:1      | Reached XP level 1. HP: 18/18 MP: 1/1
   326 | D:1      | Reached XP level 2. HP: 17/24 MP: 2/2
   755 | D:1      | Reached XP level 3. HP: 30/30 MP: 3/3
   761 | D:1      | Reached skill level 3 in Axes
  1345 | D:1      | Reached XP level 4. HP: 17/37 MP: 4/4
  1935 | D:2      | Reached skill level 4 in Axes
  1935 | D:2      | Reached XP level 5. HP: 42/42 MP: 5/5
  2606 | D:2      | Found a blossoming altar of Fedhas.
  3043 | D:3      | Found an ancient bone altar of Kikubaaqudgha.
  3047 | D:3      | Found a glowing silver altar of Zin.
  3269 | D:3      | Found a faded altar of an unknown god.
  3347 | D:3      | Found a sparkling altar of Nemelex Xobeh.
  3350 | D:3      | Noticed pokedragonboy's ghost (amateur OpTm)
  3370 | D:3      | Reached XP level 6. HP: 42/49 MP: 6/6
  3378 | D:3      | Found a basalt altar of Yredelemnul.
  3470 | D:3      | Reached skill level 5 in Axes
  3510 | D:3      | Found a deep blue altar of Sif Muna.
  3742 | D:3      | Found a shattered altar of Ashenzari.
  3792 | D:3      | Became a worshipper of Ashenzari the Shackled
  3886 | D:4      | Noticed SlowGraham's ghost (amateur DEAK)
  4057 | D:4      | Killed SlowGraham's ghost
  4057 | D:4      | Reached skill level 5 in Fighting
  4156 | D:4      | Noticed an ogre
  4247 | D:4      | Reached XP level 7. HP: 54/56 MP: 7/7
  4823 | D:5      | Entered Level 5 of the Dungeon
  4866 | D:5      | Reached skill level 6 in Axes
  4983 | D:5      | Noticed Menkaure
  5058 | D:5      | Killed Menkaure
  5297 | D:5      | Noticed Eustachio
  5322 | D:4      | Killed Eustachio
  5322 | D:4      | Reached skill level 7 in Axes
  5322 | D:4      | Reached XP level 8. HP: 21/64 MP: 8/8
  6067 | D:5      | Reached skill level 8 in Axes
  6740 | D:5      | Reached XP level 9. HP: 38/72 MP: 9/9
  6954 | D:5      | Found a staircase to the Ecumenical Temple.
  6954 | D:5      | Noticed Sigmund
  6960 | D:5      | Killed Sigmund
  6960 | D:5      | Reached skill level 9 in Axes
  6987 | D:5      | Noticed Ijyb
  6998 | D:5      | Killed Ijyb
  7442 | D:6      | Found a shadowy altar of Dithmenos.
  7558 | D:6      | HP: 2/74 [orc warrior/dire flail of protection (14)]
  8322 | D:6      | Found a hazy altar of Hepliaklqana.
  8323 | D:6      | Found a white marble altar of Elyvilon.
  8362 | D:6      | Reached * piety under Ashenzari
  8513 | D:7      | Found a sparkling altar of Nemelex Xobeh.
  8517 | D:7      | Reached skill level 10 in Axes
  8980 | D:7      | Noticed pokedragonboy's ghost (novice OpTm)
  8996 | D:7      | Killed pokedragonboy's ghost
  8996 | D:7      | Reached XP level 10. HP: 70/82 MP: 10/10
  9061 | D:7      | Reached skill level 11 in Axes
  9990 | D:8      | Noticed Shandreya's ghost (novice GnEn)
 10050 | D:8      | Killed Shandreya's ghost
 10285 | D:8      | Reached ** piety under Ashenzari
 10365 | D:9      | Noticed a two-headed ogre
 10372 | D:9      | Killed a two-headed ogre
 10372 | D:9      | Reached skill level 10 in Fighting
 10372 | D:9      | Reached skill level 12 in Axes
 10477 | D:9      | Noticed a skeletal warrior
 10477 | D:9      | Noticed a skeletal warrior
 10477 | D:9      | Noticed a skeletal warrior
 10477 | D:9      | Noticed a skeletal warrior
 10681 | D:9      | Noticed Erolcha
 10703 | D:9      | Killed Erolcha
 10703 | D:9      | Reached XP level 11. HP: 9/92 MP: 11/11
 11436 | D:7      | HP: 1/92 [skeletal warrior/hand axe of chopping[a skeletal warrior] (8)]
 11436 | D:7      | Slain by a skeletal warrior

Skill      XL: |  1  2  3  4  5  6  7  8  9 10 |
---------------+-------------------------------+-----
Axes           | 3 4 5 7 8 10 12 | 12.7
Fighting       | 4 5 6 7 8 10 | 10.4
Armour         | |  3.2
Shields        | |  3.6

Action                   |  1- 3 |  4- 6 |  7- 9 | 10-12 || total
-------------------------+-------+-------+-------+-------++-------
Melee: War axe           |    84 |   201 |   302 |   217 ||   804
       Flail             |       |       |    26 |       ||    26
  Use: Potion            |       |     1 |     5 |     2 ||     8
       Scroll            |       |       |     7 |       ||     7
  Eat: Chunk             |     1 |     5 |     1 |     1 ||     8
       Ration            |       |     2 |     6 |     4 ||    12
Armor: Scale mail        |    41 |   104 |    93 |       ||   238
       Chain mail        |       |       |    50 |    69 ||   119
Dodge: Dodged            |    31 |    79 |   122 |    52 ||   284
Block: Shield            |    45 |   134 |       |       ||   179
       Buckler           |       |     3 |    55 |    35 ||    93
